 Dungeon Crawl Stone Soup version 0.28.0-62-gf88900778d (webtiles) character file.

Game seed: 1258382607431674617

16 tkbsonic5 the Sneak (level 2, 0/27 HPs)
             Began as a Naga Brigand on July 10, 2023.
             Slain by a quokka (3 damage)
             ... on level 1 of the Dungeon.
             The game lasted 00:02:18 (477 turns).

tkbsonic5 the Sneak (Naga Brigand)                   Turns: 477, Time: 00:02:19

Health: 0/27       AC:  2    Str: 12 (13) XL:     2   Next: 58%
Magic:  2/2        EV:  9    Int: 10 (11) God:
Gold:   52         SH:  0    Dex:  9 (12) Spells: 1/1 levels left

rFire   . . .      SeeInvis +   a - +2 dagger
rCold   . . .      Faith    .   (no shield)
rNeg    . . .      Spirit   .   b - +0 robe
rPois   +          Reflect  .   (no helmet)
rElec   .          Harm     .   c - +0 cloak
rCorr   .          Rampage  .   (no gloves)
Will    .....                   (no barding)
Stlth   +++.......              (no amulet)
HPRegen 0.09/turn               g - ring of wizardry
MPRegen 0.08/turn               (no ring)

@: brilliant, short of breath, very slow
A: AC +0, large, see invisible, deformed body, poison resistance, slowness 2,
spit poison 1, naga tail 1
a: Spit Poison


You were on level 1 of the Dungeon.
You visited 1 branch of the dungeon, and saw 1 of its levels.

You collected 52 gold pieces.

Inventory:

Hand Weapons
 a - a +2 dagger (weapon)
 f - a +0 mace
Missiles
 i - 3 poisoned darts (quivered)
Armour
 b - a +0 robe (worn)
 c - a +0 cloak (worn)
Jewellery
 g - a ring of wizardry (left hand)


   Skills:
 * Level 2.3 Fighting
 * Level 2.3 Short Blades
 - Level 1.7 Throwing
 * Level 1.1 Dodging
 * Level 6.1 Stealth


You had one spell level left.
You didn't know any spells.
Your spell library was empty.

Dungeon Overview and Level Annotations

Branches:
Dungeon (1/15)

Altars:


Innate Abilities, Weirdness & Mutations

Your serpentine skin is tough. (AC +0)
You have supernaturally acute eyesight. (SInv)
Armour fits poorly on your strangely shaped body.
Your system is resistant to poisons. (rPois)
You cover ground very slowly.
You can spit poison.
You have a snake-like lower body.


Message History

The jackal bites you but does no damage.
The quokka completely misses you. The goblin misses you.
Aiming: Spit Poison (2% risk of failure)
Press: ? - help, Shift-Dir - straight line, f - quokka, p - goblin
Aim: a quokka (45% to hit)
The splash of poison misses the quokka.
The goblin barely misses you. The jackal bites you. The quokka bites you.
The goblin hits you with a +0 club.
Unknown command.
You throw a poisoned dart.
The poisoned dart closely misses the goblin.
The jackal closely misses you. The goblin closely misses you.
The quokka bites you.
It was a potion of degeneration.
There was something very wrong with that liquid.
You feel weakened.
You feel dopey.
You feel clumsy.
The jackal bites you but does no damage.
The goblin closely misses you. The goblin hits you with a +0 club.
The quokka barely misses you. The jackal barely misses you.
Unknown command.
It was a potion of magic.
Magic courses through your body. The goblin hits you but does no damage.
The jackal bites you but does no damage.
The quokka bites you.
* * * LOW HITPOINT WARNING * * *
The goblin hits you with a +0 club.
* * * LOW HITPOINT WARNING * * *
It was a potion of brilliance.
You feel clever all of a sudden. The jackal bites you.
* * * LOW HITPOINT WARNING * * *
The goblin hits you but does no damage. The quokka barely misses you.
The goblin hits you with a +0 club.
* * * LOW HITPOINT WARNING * * *
The jackal closely misses you.
You aren't carrying any scrolls.
You aren't carrying any potions.
Okay, then.
You barely miss the quokka.
The goblin looks more healthy.
The quokka bites you.
You die...

P♣####.#######........##
P.............(........##
.......#######..........#
...>.......###..?.......#
........................#
........#....#..........#
..........##......†.....#
........#####.......$..##
.......## ###.@r.....#
.......## #.ggh......#
........### #..........#
..........## #..........#
...........###..........#
..).........##..........
^...........###........#
...>........####(...$.##
.............#


You could see a quokka, a jackal and 2 goblins.

Vanquished Creatures
  A dart slug (D:1)
  2 ball pythons (D:1)
  A giant cockroach (D:1)
  2 hobgoblins (D:1)
  A jackal (D:1)
  A kobold (D:1)
  A quokka (D:1)
  A bat (D:1)
  A frilled lizard (D:1)
  2 rats (D:1)
13 creatures vanquished.

Notes
Turn   | Place    | Note
-------+----------+-------------------------------------------
     0 | D:1      | tkbsonic5 the Naga Brigand began the quest for the Orb.
     0 | D:1      | Reached XP level 1. HP: 19/19 MP: 1/1
   180 | D:1      | Reached skill level 1 in Dodging
   228 | D:1      | Reached skill level 6 in Stealth
   228 | D:1      | Reached XP level 2. HP: 26/26 MP: 2/2
   411 | D:1      | Found a faded altar of an unknown god.
   477 | D:1      | Slain by a quokka

Illustrated notes

Levels and vault maps discovered:
D:1:      co_arrival_random_square_maze, layout_rooms,
          ebering_ecumenical_altar_petrified

Skill      XL: |  1 |
---------------+----+-----
Dodging        | 1 |  1.1
Stealth        | 6 |  6.1
Fighting       | |  2.3
Short Blades   | |  2.3
Throwing       | |  1.7

Action                   || total
-------------------------++-------
Melee: Dagger            ||    18
Throw: Dart              ||    26
 Abil: Spit Poison       ||     1
  Use: Potion            ||     3
 Stab: Sleeping          ||     3
Armor: Robe              ||     7
Dodge: Dodged            ||    18
